 Dungeon Crawl Stone Soup version 0.17-a0-427-ga655056 (webtiles) character file.

1524 McCoppin the Grappler (level 8, -1/74 HPs)
             Began as a Troll Chaos Knight on Apr 3, 2015.
             Slain by Blork the orc
             ... wielding a +0 glaive
              (12 damage)
             ... on level 6 of the Dungeon.
             The game lasted 00:14:31 (4202 turns).

McCoppin the Grappler (Troll Chaos Knight)          Turns: 4202, Time: 00:14:31

Health: -1/74      AC:  7    Str: 22      XL:     8   Next: 54%
Magic:  6/6        EV: 10    Int:  8      God:    Xom [....*.]
Gold:   335        SH:  0    Dex:  6 (10) Spells: 0 memorised, 7 levels left

rFire  . . .     SeeInvis .       - Unarmed
rCold  . . .     Clarity  .     b - +2 robe
rNeg   + . .     SustAb   .     (no shield)
rPois  .         Gourm    +     (helmet restricted)
rElec  .         Spirit   .     (no cloak)
rCorr  .         Warding  +     (gloves unavailable)
rMut   .         Stasis   .     (boots unavailable)
MR     .....                    e - amulet of warding
Stlth  +.........               (no ring)
                                (no ring)

@: not resistant to hostile enchantments, very unstealthy
A: unfitting armour, claws 3, fangs 1, blurry vision 1, fast metabolism 3,
gourmand, low mp 1, regeneration 2, shaggy fur 1, tough skin 2
a: Renounce Religion


You were on level 6 of the Dungeon.
You worshipped Xom.
You were a beloved toy of Xom.
You were not hungry.

You visited 1 branch of the dungeon, and saw 6 of its levels.

You collected 335 gold pieces.

Inventory:

Missiles
 h - 19 poisoned needles
 q - 8 javelins (quivered)
Armour
 b - a +2 robe (worn)
Jewellery
 e - an amulet of warding (around neck)
Scrolls
 c - 3 scrolls of amnesia
 d - 2 scrolls of teleportation
 f - 2 scrolls of enchant armour
 i - 4 scrolls of remove curse
 j - 2 scrolls of noise
 m - a scroll of random uselessness {unknown}
 n - a scroll of magic mapping
 s - 2 scrolls of enchant weapon
 t - 4 scrolls of immolation {unknown}
 u - a scroll of fog
 x - a scroll of blinking {unknown}
Potions
 g - a potion of magic {unknown}
 l - a potion of curing
 p - a potion of brilliance
 v - a potion of might
Comestibles
 a - 3 bread rations
 o - 2 beef jerkies
 r - 4 meat rations
 w - a royal jelly


   Skills:
 - Level 2.4 Fighting
 + Level 5.4 Dodging
 * Level 9.3 Unarmed Combat


You had 7 spell levels left.
You didn't know any spells.

Dungeon Overview and Level Annotations

Branches:
Dungeon (6/15)             Temple (0/1) D:5

Altars:
Dithmenos
Fedhas
Kikubaaqudgha
Nemelex Xobeh
Trog
Yredelemnul
Zin
The Shining One

Shops:
D:4 }

Annotations:
D:5 1 runed door
D:6 Blork the orc


Innate Abilities, Weirdness & Mutations

You are too large for most types of armour.
You have claws for hands.
Your metabolism is lightning-fast.
You like to eat raw meat.
You heal very quickly.
You are covered in fur (AC +1).
You have very tough skin (AC +2).
You have very sharp teeth.
Scrolls take you a little longer to read.
Your magical capacity is low (-10% MP).


Message History

Blork the orc flickers and vanishes!
Deactivating autopickup; reactivate with Ctrl-A.
No target in view!
No target in view!
No target in view!
No target in view!
You closely miss something. Something hits you.
Your magical contamination has completely faded away.
You closely miss something. You closely miss something. Something hits you!
* * * LOW HITPOINT WARNING * * *
You closely miss something. You miss something.
You hear some strange, mumbled words.
You barely miss something. You miss something. Something hits you!
* * * LOW HITPOINT WARNING * * *
You miss something. Something hits you!
You die... "It's all fun and games until someone loses an eye."

#####.##...#
##..........#
##......##....
##.......## .##
##.........#.##
#####............#
...#..........#.##
#.###.#.#......>....#
#...{@..##.....#####..
####...####.<.##
#.......^.##
#...####### #####


There were no monsters in sight!

Vanquished Creatures
  A moth of wrath (D:3)
  A water moccasin (D:6)
  An orc warrior (D:6)
  3 giant frogs
  3 scorpions (D:5)
  A killer bee (shapeshifter) (D:6)
  2 goliath beetles (D:5)
  2 crimson imps (D:5)
  2 orc priests
  An iron imp (D:5)
  An orc wizard (D:4)
  Terence (D:3)
  2 worker ants
  A worker ant zombie (D:5)
  Robin (D:3)
  7 adders
  7 giant mites
  5 worms
  An adder zombie (D:5)
  2 adder skeletons
  5 giant geckos
  5 oozes
  12 orcs
  10 bats
  A bat skeleton (D:6)
  11 goblins
  14 hobgoblins
  17 jackals
  A ball python (D:2)
  9 giant cockroaches
  A giant gecko skeleton (D:4)
  5 giant newts
  A goblin zombie (D:5)
  2 hobgoblin zombies (D:5)
  A jackal skeleton (D:5)
  10 kobolds
  4 kobold skeletons (D:5)
  2 kobold zombies (D:5)
  An orc zombie (D:5)
  A quokka (D:3)
  A quokka skeleton (D:4)
  11 rats
170 creatures vanquished.

Vanquished Creatures (collateral kills)
  An orc priest (D:4)
  A worm (D:3)
  A rat (D:4)
3 creatures vanquished.

Vanquished Creatures (others)
  A shadow imp (D:6)
  2 ufetubi (D:6)
3 creatures vanquished.

Grand Total: 176 creatures vanquished

Notes
Turn   | Place    | Note
--------------------------------------------------------------
     0 | D:1      | McCoppin, the Troll Chaos Knight, began the quest for the Orb.
     0 | D:1      | Reached XP level 1. HP: 22/22 MP: 0/0
     0 | D:1      | XOM: divination: detect items
    81 | D:1      | XOM: harmless Erth miscast
    84 | D:1      | XOM: harmless Fire miscast
   188 | D:1      | Reached XP level 2. HP: 29/29 MP: 1/1
   191 | D:1      | XOM: divination: detect creatures
   227 | D:1      | XOM: harmless Divn miscast
   719 | D:2      | Found a blossoming altar of Fedhas.
   731 | D:2      | Reached XP level 3. HP: 31/36 MP: 2/2
   807 | D:2      | Reached skill level 4 in Unarmed Combat
   934 | D:2      | XOM: harmless Erth miscast
  1085 | D:2      | Reached XP level 4. HP: 44/44 MP: 3/3
  1419 | D:3      | Noticed Robin
  1441 | D:3      | Killed Robin
  1441 | D:3      | Reached skill level 5 in Unarmed Combat
  1493 | D:3      | Reached XP level 5. HP: 50/50 MP: 4/4
  1531 | D:3      | XOM: harmless Necr miscast
  1539 | D:3      | XOM: confuse monster(s)
  1810 | D:3      | XOM: severe Pois miscast
  1881 | D:3      | Noticed Terence
  1884 | D:3      | XOM: blink monster(s)
  1890 | D:3      | Killed Terence
  1901 | D:3      | Found a shadowy altar of Dithmenos.
  1904 | D:3      | Found a glowing silver altar of Zin.
  1907 | D:3      | Found an ancient bone altar of Kikubaaqudgha.
  1994 | D:3      | Noticed a moth of wrath
  1997 | D:3      | Found a bloodstained altar of Trog.
  2027 | D:3      | XOM: confusion (+ monsters)
  2030 | D:3      | XOM: swap monsters
  2050 | D:3      | Killed a moth of wrath
  2050 | D:3      | Reached skill level 6 in Unarmed Combat
  2050 | D:3      | Reached XP level 6. HP: 52/59 MP: 5/5
  2138 | D:4      | XOM: stat loss: -1 Dex (9/10)
  2271 | D:4      | Found a sparkling altar of Nemelex Xobeh.
  2296 | D:4      | Reached XP level 7. HP: 66/66 MP: 6/6
  2341 | D:4      | Found Teukkeig's Gadget Emporium.
  2399 | D:4      | XOM: summons friendly white imp
  2413 | D:4      | XOM: harmless Conj miscast
  2464 | D:4      | Reached skill level 7 in Unarmed Combat
  2533 | D:4      | Got a sapphire-encrusted scale mail
  2534 | D:4      | Identified the +5 scale mail "Qitedug" {Int+6} (You found it on level 4 of the Dungeon)
  2824 | D:5      | Entered Level 5 of the Dungeon
  2838 | D:5      | XOM: confuse monster(s)
  2905 | D:5      | Found a staircase to the Ecumenical Temple.
  2938 | D:5      | Found a runed door.
  2957 | D:5      | Found a glowing golden altar of the Shining One.
  2987 | D:5      | XOM: divination: detect creatures
  3075 | D:5      | Found a basalt altar of Yredelemnul.
  3449 | D:5      | Found a runed door.
  3734 | D:5      | Reached skill level 8 in Unarmed Combat
  3853 | D:5      | Reached XP level 8. HP: 74/74 MP: 7/7
  3899 | D:5      | Reached skill level 5 in Dodging
  4001 | D:6      | XOM: summons 3 friendly demons
  4015 | D:6      | XOM: polymorph something unseen -> gnoll
  4052 | D:6      | Gained mutation: You have very sharp teeth. [mutagenic meat]
  4053 | D:6      | Gained mutation: Scrolls take you a little longer to read. [mutagenic meat]
  4054 | D:6      | Gained mutation: Your magical capacity is low (-10% MP). [mutagenic meat]
  4100 | D:6      | XOM: potion effect (haste)
  4114 | D:6      | Reached skill level 9 in Unarmed Combat
  4186 | D:6      | Noticed Blork the orc
  4202 | D:6      | Slain by Blork the orc

Action                   |  1- 3 |  4- 6 |  7- 9 || total
-------------------------+-------+-------+-------++-------
Melee: Unarmed           |   109 |   169 |   244 ||   522
  Use: Scroll            |       |     4 |     6 ||    10
       Potion            |       |     3 |     4 ||     7
 Stab: Confused          |       |     2 |     1 ||     3
       Invisible         |       |     1 |     2 ||     3
       Distracted        |       |       |     2 ||     2
  Eat: Chunk             |     8 |    18 |     8 ||    34
       Bread ration      |       |       |     1 ||     1
       Beef jerky        |       |       |     1 ||     1
